 Dungeon Crawl Stone Soup version 0.32-a0-136-gc02482bde3 (webtiles) character file.

Game seed: 2492123939521443420

70 Newt the Shooter (level 4, -1/28 HPs)
             Began as a Kobold Hunter on Feb 11, 2024.
             Slain by an ogre
             ... wielding a +0 giant club
              (20 damage)
             ... on level 3 of the Dungeon.
             The game lasted 00:01:20 (1666 turns).

Newt the Shooter (Kobold Hunter)                    Turns: 1666, Time: 00:01:21

Health: -1/28      AC:  3    Str:  8    XL:     4   Next: 44%
Magic:  4/4        EV: 14    Int: 10    God:
Gold:   107        SH:  7    Dex: 20    Spells: 3/3 levels left

rFire   . . .        i - +0 sling
rCold   . . .        g - +2 buckler
rNeg    . . .        c - +0 leather armour
rPois   .            (no helmet)
rElec   .            (no cloak)
rCorr   .            (no gloves)
SInv    .            (no boots)
Will    +....        (no amulet)
Stlth   +++          (no ring)
HPRegen 0.24/turn    (no ring)
MPRegen 0.09/turn

%: no passive effects
@: brilliant, enlightened, flying
A: small, no large weapons, nightstalker 3
a: no special abilities


You were on level 3 of the Dungeon.
You visited 1 branch of the dungeon, and saw 3 of its levels.

You collected 107 gold pieces.

Inventory:

Hand Weapons
 a - a +0 shortbow
 i - a +0 sling (weapon)
Armour
 c - a +0 leather armour (worn)
 g - a +2 buckler (worn)
Scrolls
 e - a scroll of teleportation {unknown}
 f - a scroll of revelation {unknown}
 h - a scroll of fear {unknown}
 j - a scroll of enchant weapon {unknown}
 k - a scroll of amnesia {unknown}
Potions
 d - a potion of enlightenment
 m - a potion of brilliance


   Skills:
 + Level 3.2 Fighting
 * Level 6.8 Ranged Weapons
 - Level 2.4 Dodging
 - Level 1.3 Stealth


You had 3 spell levels left.
You didn't know any spells.
Your spell library contained the following spells:

 Spells                   Type           Power      Damage    Failure   Level
 Magic Dart               Conj           0%         1d3       65%         1
 Searing Ray              Conj           0%         2d4       80%         2
 Ozocubu's Armour         Ice            0%         N/A       95%         3
 Fulminant Prism          Conj/Alch      0%         3d5       100%        4
 Metabolic Englaciation   Hex/Ice        0%         N/A       100%        5
 Sculpt Simulacrum        Ice/Alch       0%         N/A       100%        6


Dungeon Overview and Level Annotations

Branches:
Dungeon (3/15)

Altars:


Innate Abilities, Weirdness & Mutations

You are small and have problems with some larger weapons.
You are completely attuned to the shadows.


Message History

You hear the flapping of tiny wings.
You swap places.
You swap places.
You swap places.
You start resting.
Something misses your butterfly.
You start resting.
An ogre is nearby!
An ogre is nearby!
It was a potion of enlightenment.
You feel very buoyant.
You fly up into the air.
The ogre barely misses your butterfly.
It was a potion of brilliance.
You feel clever all of a sudden.
Unknown command.
It was a potion of curing.
You feel better. The ogre closely misses your butterfly.
Unknown command.
You swap places.
The ogre closely misses your butterfly.
You swap places.
You swap places.
The ogre closely misses you.
You shoot a sling bullet.
The sling bullet hits the ogre but does no damage.
The ogre is heavily wounded.
The ogre closely misses you.
You shoot a sling bullet.
The sling bullet hits the ogre but does no damage.
The ogre is heavily wounded.
The ogre closely misses you.
You shoot a sling bullet. The sling bullet hits the ogre.
The ogre is heavily wounded.
You shoot a sling bullet. The sling bullet hits the ogre!
The ogre is severely wounded.
You block the ogre's attack.
You shoot a sling bullet.
The sling bullet hits the ogre but does no damage.
The ogre is severely wounded.
The ogre hits you with a +0 giant club!!
Ouch! That really hurt!
You die...

. .b
b..###############
b..'O@bbb.....)..#
b..#############.#
bb #.# b #.# #.#
#.# #.# #.# #.#


You could see an ogre.

Vanquished Creatures
  3 adders (D:2)
  An orc (D:3)
  3 endoplasms (D:1)
  A giant cockroach (D:1)
  5 goblins
  A hobgoblin (D:3)
  4 jackals (D:2)
  2 quokkas
  3 ball pythons
  3 bats
  2 frilled lizards (D:1)
  4 kobolds
  7 rats
39 creatures vanquished.

Notes
Turn   | Place    | Note
-------+----------+-------------------------------------------
     0 | D:1      | Newt the Kobold Hunter began the quest for the Orb.
     0 | D:1      | Reached XP level 1. HP: 12/12 MP: 1/1
    61 | D:1      | Reached XP level 2. HP: 18/18 MP: 2/2
   499 | D:1      | Reached skill level 6 in Ranged Weapons
   567 | D:1      | Reached XP level 3. HP: 20/22 MP: 3/3
   796 | D:2      | Reached XP level 4. HP: 16/28 MP: 4/4
  1641 | D:3      | Noticed an ogre
  1666 | D:3      | Slain by an ogre

Illustrated notes

Levels and vault maps discovered:
D:1:      roderic_crossed_star, layout_basic, kennysheep_doodads
D:2:      layout_loops_ring, serial_rivers, chequers_serial_rivers_micro_c,
          chequers_serial_rivers_micro_b, chequers_serial_rivers_micro_d,
          chequers_serial_rivers_room_b, chequers_serial_rivers_small_b,
          chequers_serial_rivers_room_a, chequers_serial_rivers_micro_a
D:3:      layout_basic, minmay_circle_x

Skill      XL: |  1  2  3 |
---------------+----------+-----
Ranged Weapons | 6 |  6.8
Fighting       | 3 |  3.2
Dodging        | |  2.4
Stealth        | |  1.3

Action                     |  1- 3 |  4- 6 || total
---------------------------+-------+-------++-------
   Fire: Shortbow          |    38 |       ||    38
         Sling             |    26 |    42 ||    68
    Use: Potion            |       |     3 ||     3
         Scroll            |       |     1 ||     1
 Armour: Leather armour    |    20 |     9 ||    29
  Dodge: Dodged            |    19 |    15 ||    34
  Block: Buckler           |    14 |     4 ||    18

Table legend: (Time is in decaauts)
 A = Elapsed time spent in this place.
 B = Non-inter-level travel time spent in this place.
 C = Inter-level travel time spent in this place.
 D = Time resting spent in this place.
 E = Time spent auto-exploring this place.
 F = Levels seen in this place.
 G = Mean time per level.
                   A        B        C        D        E       F      G
               +--------+--------+--------+--------+--------+-----+--------+
         Total |   1688 |   1600 |     88 |      6 |   1380 |   3 |  562.7 |
       Dungeon |   1688 |   1600 |     88 |      6 |   1380 |   3 |  562.7 |
               +--------+--------+--------+--------+--------+-----+--------+

Top non-repeatable levels by time:
     D:2: 963 daAuts
     D:1: 644 daAuts
     D:3: 79 daAuts
